 Dungeon Crawl Stone Soup version 0.31.0-11-ge490571c62 (webtiles) character file.

Game seed: 3614424949110869245

51 puppykicker the Cutter (level 3, 0/20 HPs)
             Began as a Deep Elf Gladiator on Jan 27, 2024.
             Was an Initiate of Kikubaaqudgha.
             Succumbed to an adder's poison
             ... on level 2 of the Dungeon.
             The game lasted 00:02:27 (924 turns).

puppykicker the Cutter (Deep Elf Gladiator)          Turns: 924, Time: 00:02:28

Health: 0/20       AC:  4    Str: 11    XL:     3   Next: 58%
Magic:  5/5        EV: 13    Int: 14    God:    Kikubaaqudgha [......]
Gold:   97         SH:  0    Dex: 16    Spells: 2/2 levels left

rFire   . . .        a - +0 rapier
rCold   . . .        (no shield)
rNeg    . . .        b - +0 leather armour
rPois   .            c - +0 helmet
rElec   .            (no cloak)
rCorr   .            (no gloves)
SInv    .            (no boots)
Will    .....        (no amulet)
Stlth   +            (no ring)
HPRegen 0.23/turn    (no ring)
MPRegen 0.09/turn

%: no passive effects
@: lethally poisoned (0 -> -6), attractive
A: no striking features
a: Renounce Religion


You were on level 2 of the Dungeon.
You worshipped Kikubaaqudgha.
Kikubaaqudgha was noncommittal.
You visited 1 branch of the dungeon, and saw 2 of its levels.

You collected 97 gold pieces.

Inventory:

Hand Weapons
 a - a +0 rapier (weapon)
Missiles
 d - 3 throwing nets
 e - a javelin (quivered)
Armour
 b - a +0 leather armour (worn)
 c - a +0 helmet (worn)
 i - a +0 pair of gloves of infusion
Scrolls
 f - a scroll of teleportation {unknown}


   Skills:
 - Level 1.5 Fighting
 + Level 4.6 Short Blades
 - Level 2.0 Throwing
 - Level 3.6 Dodging


You had 2 spell levels left.
You didn't know any spells.
Your spell library contained the following spells:

 Spells                   Type           Power      Damage    Failure   Level
 Summon Small Mammal      Summ           0%         N/A       36%         1
 Call Canine Familiar     Summ           0%         N/A       75%         3
 Summon Blazeheart Golem  Fire/Summ      0%         N/A       98%         4


Dungeon Overview and Level Annotations

Branches:
Dungeon (2/15)

Altars:
Kikubaaqudgha


Message History

Kikubaaqudgha welcomes you! The goblin hits you with a +0 dagger.
You take 2 damage, and have 14/20 hp.
You hit the goblin.
The goblin is moderately wounded.
The goblin hits you with a +0 dagger.
You take 2 damage, and have 12/20 hp.
You hit the goblin.
The goblin is heavily wounded.
The goblin barely misses you.
You hit the goblin.
You kill the goblin!
You hit the adder.
The adder is heavily wounded.
The adder bites you.
You take 1 damage, and have 11/20 hp.
You hit the adder. You punch the adder.
The adder is severely wounded.
The adder bites you.
* * * LOW HITPOINT WARNING * * *
You are poisoned.
The adder poisons you! The adder bites you.
* * * LOW HITPOINT WARNING * * *
You take 4 damage, and have 7/20 hp.
You miss the adder.
The adder is severely wounded.
You feel sick. The adder bites you.
* * * LOW HITPOINT WARNING * * *
You are lethally poisoned!
The adder poisons you!
You take 3 damage, and have 4/20 hp.
It was a potion of attraction.
You feel attractive to monsters.
* * * LOW HITPOINT WARNING * * *
You feel sick. The adder misses you.
You take 2 damage, and have 2/20 hp.
Unknown command.
It was a potion of magic.
Magic courses through your body.
You die...
Kikubaaqudgha rasps: "You have failed me!
Welcome... death!"

#. .. #.##...........
###.#.# #..............
.....# #..[......#####
#...# #..............
###.######........)#.###
+....)).)..........#####
####..####..............
##.####..........####
#..@S...............
#####.######.##.....
#........# .....
#####.....##.....
........_...#.....
............# ...
................
.......###......
.......# ......


You could see an adder.

Levels and vault maps discovered:
D:1:      beargit_arrival_diablo_church, layout_basic
D:2:      layout_basic, basic_altar

Notes
Turn   | Place    | Note
-------+----------+-------------------------------------------
     0 | D:1      | puppykicker the Deep Elf Gladiator began the quest for the
                  | Orb.
     0 | D:1      | Reached XP level 1. HP: 12/12 MP: 3/3
    69 | D:1      | Identified a +0 dagger
   100 | D:1      | Identified a +0 club
   112 | D:1      | Identified a +0 helmet
   202 | D:1      | HP: 2/12 [dart slug/slug dart (4)]
   217 | D:1      | Reached XP level 2. HP: 7/16 MP: 4/4
   307 | D:1      | Identified a +0 dagger
   354 | D:1      | Identified a +0 whip
   362 | D:1      | Identified a +0 club
   398 | D:1      | Reached skill level 4 in Short Blades
   446 | D:1      | Identified a +0 robe
   490 | D:1      | Identified a +0 pair of gloves of infusion
   528 | D:1      | Identified a +0 club
   530 | D:1      | Identified a +0 flail
   535 | D:1      | Reached XP level 3. HP: 20/20 MP: 5/5
   543 | D:1      | Identified a +0 short sword
   658 | D:1      | Identified a +0 whip
   826 | D:2      | Identified a +0 whip
   834 | D:2      | Found an ancient bone altar of Kikubaaqudgha.
   847 | D:2      | Identified a +0 flail
   847 | D:2      | Identified a +0 club
   849 | D:2      | Identified a +0 flail
   851 | D:2      | Identified a +0 short sword
   853 | D:2      | Identified a +0 short sword
   853 | D:2      | Identified a +0 leather armour
   855 | D:2      | Identified a +0 flail
   903 | D:2      | Identified a +0 dagger
   905 | D:2      | Became a worshipper of Kikubaaqudgha
   922 | D:2      | HP: 4/20 [adder (2)]
   923 | D:2      | Identified a potion of attraction
   924 | D:2      | Identified a potion of magic
   924 | D:2      | Succumbed to an adder's poison

Table legend: (Time is in decaauts)
 A = Elapsed time spent in this place.
 B = Non-inter-level travel time spent in this place.
 C = Inter-level travel time spent in this place.
 D = Time resting spent in this place.
 E = Time spent auto-exploring this place.
 F = Levels seen in this place.
 G = Mean time per level.
                   A        B        C        D        E       F      G
               +--------+--------+--------+--------+--------+-----+--------+
         Total |    924 |    894 |     30 |     50 |    483 |   2 |  462.0 |
       Dungeon |    924 |    894 |     30 |     50 |    483 |   2 |  462.0 |
               +--------+--------+--------+--------+--------+-----+--------+

Top non-repeatable levels by time:
     D:1: 791 daAuts
     D:2: 133 daAuts

Table legend:
 A = Kills in this place as a percentage of kills in the entire game.
 B = Kills by you in this place as a percentage of kills by you in the entire game.
 C = Kills by friends in this place as a percentage of kills by friends in the entire game.
 D = Other kills in this place as a percentage of other kills in the entire game.
 E = Experience gained in this place as a percentage of experience gained in the entire game.
 F = Experience gained in this place divided by the number of levels of this place that you have seen.
                   A       B       C       D       E      F
               +-------+-------+-------+-------+-------+----------------------
         Total | 100.0 | 100.0 |   N/A |   N/A | 100.0 |  37.0
       Dungeon | 100.0 | 100.0 |   N/A |   N/A | 100.0 |  37.0
               +-------+-------+-------+-------+-------+----------------------

Skill      XL: |  1  2 |
---------------+-------+-----
Short Blades   | 4 |  4.6
Fighting       | |  1.5
Throwing       | |  2.0
Dodging        | |  3.6

Action                     || total
---------------------------++-------
  Melee: Rapier            ||   139
         Punch             ||     2
  Throw: Javelin           ||     1
    Use: Potion            ||     2
 Armour: Leather armour    ||    61
  Dodge: Dodged            ||   101

Vanquished Creatures
  A dart slug (D:1)
  5 orcs (D:2)
  6 endoplasms
  2 giant cockroaches (D:1)
  4 goblins
  3 hobgoblins (D:1)
  6 kobolds
  4 ball pythons
  3 bats (D:1)
  4 frilled lizards (D:1)
  4 rats (D:1)
42 creatures vanquished.
